 Dungeon Crawl Stone Soup version 0.20.1-1-g8b1a95d (webtiles) character file.

299 slep the Slasher (level 6, 0/48 HPs)
             Began as a Demonspawn Chaos Knight on Oct 24, 2017.
             Slain by an ogre
             ... wielding a +0 giant club
              (20 damage)
             ... on level 4 of the Dungeon.
             The game lasted 00:14:10 (2412 turns).

slep the Slasher (Demonspawn Chaos Knight)          Turns: 2412, Time: 00:14:11

Health: 0/48       AC:  8    Str: 13    XL:     6   Next: 13%
Magic:  6/6        EV: 12    Int: 14    God:    Xom [*.....]
Gold:   171        SH:  0    Dex: 15    Spells: 5/5 levels left

rFire    . . .     SeeInvis .   a - +0 falchion (chaos)
rCold    . . .     Gourm    .   (no shield)
rNeg     . . .     Faith    .   b - +3 leather armour
rPois    .         Spirit   .   w - +1 helmet
rElec    .         Reflect  .   (no cloak)
rCorr    .         Harm     .   (no gloves)
MR       .....                  (no boots)
Stlth    ++........             (no amulet)
Regen    0.2/turn               (no ring)
MPRegen  0.1/turn               (no ring)

@: no status effects
A: talons 1, thin skeletal structure 1, powered by pain 1
a: Renounce Religion


You were on level 4 of the Dungeon.
You worshipped Xom.
You were a special plaything of Xom.
You were not hungry.

You visited 1 branch of the dungeon, and saw 4 of its levels.

You collected 171 gold pieces.

Inventory:

Hand Weapons
 a - a +0 falchion of chaos (weapon)
 m - a +1 dagger of draining
Missiles
 j - a throwing net (quivered)
Armour
 b - a +3 leather armour (worn)
 s - a +0 helmet
 w - a +1 helmet (worn)
Scrolls
 e - 3 scrolls of enchant armour
 g - a scroll of recharging
 h - 3 scrolls of teleportation {unknown}
 i - a scroll of amnesia {unknown}
 l - 3 scrolls of remove curse {unknown}
 p - 2 scrolls of identify {unknown}
Potions
 d - 2 potions of flight {unknown}
 f - a potion of degeneration {unknown}
 k - a potion of mutation {unknown}
 n - 3 potions of brilliance {unknown}
 o - a potion of lignification {unknown}
 q - a potion of might {unknown}
 t - a potion of heal wounds {unknown}
 u - a potion of ambrosia {unknown}
 v - a potion of curing
Comestibles
 c - 3 bread rations
 r - a meat ration
 x - 3 chunks of flesh


   Skills:
 + Level 4.2 Fighting
 + Level 5.0 Long Blades
 + Level 2.1 Armour
 + Level 1.7 Dodging
 + Level 1.3 Stealth


You had 5 spell levels left.
You didn't know any spells.

Dungeon Overview and Level Annotations

Branches:
Dungeon (4/15)
 Temple: D:4-7

Altars:
Fedhas
Sif Muna
Yredelemnul

Annotations:
D:4 Dowan, Duvessa


Innate Abilities, Weirdness & Mutations

You have sharp toenails.
You have a somewhat thin skeletal structure. (Dex +2, Stealth)
You sometimes gain a little power by taking damage.


Message History

You see here a chunk of flesh.
There isn't anything to butcher here.
x - a chunk of flesh The jackal closely misses you.
You hit the jackal. You freeze the jackal. You claw the jackal.
You kill the jackal!
The jackal turns into a zombie!
You swap places.
You see here a jackal corpse.
You butcher the jackal corpse.
x - 4 chunks of flesh (gained 3)
You see here a jackal skeleton.
Eat one of 4 chunks of flesh? (ye/n/q)
You eat one of the 4 chunks of flesh.
This raw flesh tastes terrible.
You now have 171 gold pieces (gained 12).
An ogre comes into view. It is wielding a giant club.
The ogre shouts!
The ogre hits you with a giant club!!
You die...
Xom guffaws!

.. .. ## . ..#
... #. ##..
.... .###...
.... ....# ...
##.O##
#.###.@..#..
#.....##.#..
###.Z........
##..###......
#..........#..
####..........
#............
#....b......#
#............


You could see an ogre and a friendly jackal zombie.

Vanquished Creatures
  An ogre (D:4)
  A hound (D:3)
  A worker ant (D:3)
  8 gnolls
  4 adders
  An ooze (D:4)
  An adder skeleton (D:4)
  4 dart slugs (D:1)
  2 leopard geckos
  An orc (D:3)
  3 giant cockroaches
  6 goblins
  8 hobgoblins
  5 jackals
  2 quokkas
  5 bats
  4 frilled lizards
  12 kobolds
  4 rats
73 creatures vanquished.

Vanquished Creatures (others)
  A frilled lizard (D:1)
1 creature vanquished.

Grand Total: 74 creatures vanquished

Notes
Turn   | Place    | Note
-------+----------+-------------------------------------------
     0 | D:1      | slep the Demonspawn Chaos Knight began the quest for the Orb.
     0 | D:1      | Reached XP level 1. HP: 18/18 MP: 1/1
    97 | D:1      | XOM: silly message
   195 | D:1      | Gained mutation: You sometimes gain a little power by taking damage. [demonic ancestry]
   195 | D:1      | Reached XP level 2. HP: 24/24 MP: 2/2
   284 | D:1      | Reached skill level 3 in Long Blades
   417 | D:1      | Gained mutation: You have sharp toenails. [demonic ancestry]
   417 | D:1      | Reached XP level 3. HP: 24/29 MP: 3/3
   812 | D:1      | XOM: mild Air miscast
   857 | D:1      | XOM: divination: detect creatures
  1059 | D:2      | Reached skill level 1 in Dodging
  1060 | D:2      | XOM: butterfly on damage
  1071 | D:2      | Reached XP level 4. HP: 13/37 MP: 4/4
  1272 | D:2      | Reached skill level 4 in Long Blades
  1298 | D:2      | Found a deep blue altar of Sif Muna.
  1334 | D:2      | XOM: god gift: 14 gold pieces
  1509 | D:3      | XOM: mild Tmut miscast
  1521 | D:3      | Reached XP level 5. HP: 21/42 MP: 5/5
  1670 | D:3      | Reached skill level 1 in Stealth
  1746 | D:3      | Found a blossoming altar of Fedhas.
  1788 | D:3      | HP: 2/42 [poisoned by an adder]
  1796 | D:3      | HP: 1/42 [poisoned by an adder]
  2330 | D:4      | Found a basalt altar of Yredelemnul.
  2337 | D:4      | Noticed an ogre
  2338 | D:4      | Noticed Dowan
  2340 | D:4      | Noticed Duvessa
  2351 | D:4      | XOM: confuse monster(s)
  2362 | D:4      | Killed an ogre
  2362 | D:4      | Gained mutation: You have a somewhat thin skeletal structure. (Dex +2, Stealth) [demonic ancestry]
  2362 | D:4      | Reached XP level 6. HP: 30/48 MP: 6/6
  2364 | D:4      | XOM: silly message
  2367 | D:4      | XOM: 1-stop teleportation journey
  2379 | D:4      | Reached skill level 5 in Long Blades
  2412 | D:4      | Slain by an ogre

Skill      XL: |  1  2  3  4  5  6 |
---------------+-------------------+-----
Long Blades    | 3 4 5 |  5.0
Armour         | 2 |  2.1
Dodging        | 1 |  1.7
Fighting       | 4 |  4.2
Stealth        | 1 |  1.3

Action                   |  1- 3 |  4- 6 || total
-------------------------+-------+-------++-------
Melee: Falchion          |    78 |   132 ||   210
       Kick              |     4 |    31 ||    35
  Use: Scroll            |     2 |       ||     2
 Stab: Paralysed         |     1 |       ||     1
       Sleeping          |     1 |     2 ||     3
       Confused          |       |     2 ||     2
  Eat: Chunk             |       |     5 ||     5
Armor: Leather armour    |    24 |    42 ||    66
Dodge: Dodged            |    48 |    81 ||   129
       Rpst.: Falchion   |    18 |    20 ||    38
